Map: Crimson Court LE

Players

trigger - Winner!

  • Race: Protoss Protoss
  • League: Grandmaster
  • Spawn Location: 7:00

PtitDrogo

  • Race: Protoss Protoss
  • Spawn Location: 1:00

Event: HomeStory Cup XXV

VOD

Have the link to the VOD?

Description

Time

  • Played on: June 22, 2024, 3:23 p.m.
  • Length: 5:41

All games in this series

Show
View Real Time Build Order
Export as new Build Order

trigger Protoss - Winner!

Build Orders:  

Get SALT Encoding   

  12  0:00  Probe  
  13  0:12  Probe  
  14  0:16  Pylon  
  14  0:24  Probe (Chrono Boost)  
  16  0:36  Gateway, Probe (Chrono Boost)  
  16  0:43  Probe (Chrono Boost)  
  16  0:45  Assimilator  
  17  0:50  Probe  
  17  0:54  Assimilator  
  18  1:02  Probe (Chrono Boost)  
  19  1:10  Gateway  
  19  1:13  Probe (Chrono Boost)  
  19  1:18  Probe (Chrono Boost)  
  20  1:23  Cybernetics Core  
  21  1:29  Probe  
  21  1:32  Pylon  
  22  1:41  Probe  
  23  1:59  Stalker x2  
  23  2:00  Warp Gate  
  27  2:02  Pylon  
  27  2:12  Probe  
  28  2:28  Probe  
  28  2:29  Stalker x2  
  33  2:51  Probe  
  34  3:02  Shield Battery  
  34  3:04  Probe  
  35  3:09  Nexus  
  35  3:12  Pylon  
  35  3:15  Robotics Facility  
  35  3:16  Sentry  
  35  3:19  Sentry  
  39  3:30  Probe  
  40  3:42  Probe  
  41  3:54  Probe  
  42  3:56  Shield Battery  
  42  3:59  Stalker x2  
  42  4:02  Phoenix  
  46  4:06  Probe  
  47  4:13  Forge  
  47  4:19  Immortal (Chrono Boost)  
  47  4:20  Probe  
  47  4:21  Probe  
  53  4:25  Stalker  
  53  4:30  Stalker  
  57  4:32  Probe  
  58  4:39  Probe  
  58  4:45  Probe (Chrono Boost)  
  60  4:49  Observer  
  60  4:52  Pylon, Probe (Chrono Boost)  
  62  4:58  Twilight Council  
  62  5:03  Assimilator  
  62  5:08  Probe x2 (Chrono Boost)  
  64  5:14  Gateway x2  
  64  5:20  Probe x2  
  66  5:22  Pylon  
Show
View Real Time Build Order
Export as new Build Order

PtitDrogo Protoss 

Build Orders:  

Get SALT Encoding   

  12  0:00  Probe  
  13  0:12  Probe  
  14  0:17  Pylon  
  14  0:24  Probe (Chrono Boost)  
  15  0:36  Probe (Chrono Boost)  
  15  0:38  Gateway  
  16  0:44  Probe (Chrono Boost)  
  16  0:46  Assimilator  
  17  0:51  Probe  
  17  0:54  Assimilator  
  18  1:03  Probe (Chrono Boost)  
  19  1:11  Gateway  
  19  1:13  Probe (Chrono Boost)  
  19  1:18  Probe (Chrono Boost)  
  20  1:25  Cybernetics Core  
  21  1:29  Probe  
  22  1:35  Pylon  
  22  1:42  Probe  
  23  1:54  Probe  
  24  2:01  Stargate  
  24  2:04  Adept  
  24  2:05  Adept, Warp Gate (Chrono Boost)  
  28  2:14  Probe  
  29  2:19  Pylon  
  30  2:30  Probe  
  30  2:39  Stalker x2  
  34  2:54  Nexus  
  32  3:18  Pylon  
  32  3:27  Robotics Facility  
  32  3:36  Probe  
  33  3:46  Stalker x2  
  35  3:54  Probe  
  33  4:06  Probe  
  33  4:09  Sentry x2  
  36  4:11  Probe  
  36  4:12  Immortal (Chrono Boost)  
  41  4:18  Probe  
  41  4:23  Probe  
  43  4:27  Phoenix  
  43  4:30  Probe  
  44  4:32  Sentry  
  44  4:34  Stalker  
  44  4:35  Probe  
  49  4:42  Warp Prism (Chrono Boost)  
  51  4:48  Pylon  
  51  4:52  Pylon  
  51  5:01  Gateway  
  51  5:03  Gateway  
  51  5:08  Sentry  
  51  5:10  Sentry  
  51  5:11  Probe x2  
  57  5:23  Probe  
  52  5:32  Adept  
  52  5:33  Stalker  
Tags
 
Add a new tag
Caveats
  • Supply blocks, unpowered buildings, or Contaminate may cause inaccurate times.
  • Supply counts are checked every 10 seconds.